 BcadrenCrawl: Boulder Brew version 0.05.21-81-gd28e3044bd (webtiles) character file.

Game seed: 8746182634472151305, levelgen mode: deterministic

123 theanonym the Chopper (level 4, -6/37 HPs) Minotaur Noble. Began on Sept 5, 2021. Splashed by a jelly's acid (7 damage) ... on level 2 of the Dungeon. The game lasted 00:02:43 (1628 turns).

theanonym the Chopper (Minotaur Noble)              Turns: 1628, Time: 00:02:44

Health: -6/37      AC: 10    Str: 21    XL:     4 ^: 20
Magic:  5/5        EV:  6    Int:  7    God:
Gold:   126        SH:  0    Dex: 13    Spells: 6/6 levels left

rFire    + . .     Vision   .   c - +0 broad axe
rCold    + . .     Gourm    .   (no weapon)
rNeg     . . .     Faith    .   b - +1 gold dragon scales
rCorr    . . .     Spirit   .   (helmet restricted)
rPois    +         Reflect  .   (no cloak)
rElec    .         Harm     .   (no gloves)
MR       .....                  (no boots)
Stlth    ..........             (no amulet)
HPRegen  0.22/turn              h - ring of dexterity
MPRegen  0.15/turn              (no ring)

@: corroded
A: horns, retaliatory headbutt 2
a: no special abilities


Innate Abilities, Weirdness & Mutations

You reflexively attack those that strike you in melee with your horns.


   Skills:
 + Level 2.3 Fighting
 * Level 2.9 Axes & Hammers
 + Level 2.0 Armour
 + Level 1.7 Stealth
 + Level 1.5 Spellcasting


You had 6 spell levels left.
You didn't know any spells.
Your spell library was empty.

Skill      XL: |  1  2  3  4 |
---------------+-------------+-----
Stealth        | 1 |  1.7
Axes & Hammers | 1 2 |  2.9
Armour         | 1 2 |  2.0
Fighting       | 2 |  2.3
Spellcasting   | |  1.5

Action                   |  1- 3 |  4- 6 || total
-------------------------+-------+-------++-------
Melee: Broad axe         |   181 |    21 ||   202
       Unarmed           |   166 |    18 ||   184
       Headbutt          |     2 |     3 ||     5
  Use: Scroll            |     1 |       ||     1
  Eat: Chunk             |     1 |     1 ||     2
       Ration            |       |     1 ||     1
Armor: Gold dragon scale |   240 |    21 ||   261
Dodge: Dodged            |    77 |     5 ||    82

Inventory:

Weapons
 c - a +0 broad axe (weapon)
Armour
 b - +1 gold dragon scales (worn)
 g - a +0 pair of boots
Jewellery
 d - a cursed ring of fire {(Curse: *Slow), rF++ rC-}
 h - a ring of dexterity (left hand)
Scrolls
 a - 2 scrolls of holy word
 f - a scroll of fog
 t - a scroll of teleportation
 B - a scroll of blinking
Potions
 i - a potion of cure mutation
 j - 2 potions of mutation
 q - a potion of heal wounds
 w - 3 potions of curing
Comestibles
 e - 4 rations
 k - a chunk of flesh


You were on level 2 of the Dungeon.
You were not hungry.

You visited 1 branch of the dungeon, and saw 2 of its levels.
You also visited: Market.

You collected 86 gold pieces.
You spent 960 gold pieces at shops.

Dungeon Overview and Level Annotations

Branches:
Dungeon (2/8)

Altars:

≈≈ ≈≈≈ ##. ## ≈ .. #.. #≈ #####.#
≈≈ . ##.. #. .≈...#. ##≈ ≈≈
#.≈.##. ....≈ .? ≈≈≈ #.≈.. #####
≈..#.# ≈≈≈≈ ##... ##..;#
#tJ≈#≈≈≈≈≈ #≈..# #;≈≈.#
#≈@...≈≈≈≈ ##..#
########≈#######....≈≈≈≈ ##.#
≈≈≈.≈≈≈≈≈≈≈≈≈.......≈≈≈≈≈......≈≈
≈≈≈≈.≈≈≈≈≈≈≈≈≈.≈≈≈≈≈≈≈≈≈≈≈≈J≈≈≈≈≈
≈≈≈≈..≈≈≈≈≈≈≈≈.≈≈≈≈≈≈≈≈≈≈≈≈.≈≈≈≈≈
≈≈≈≈≈.≈≈≈≈≈≈≈.≈≈≈≈≈≈≈≈≈≈≈≈≈..≈≈≈≈
≈≈≈≈≈≈≈≈≈≈≈≈.≈≈≈≈≈≈≈≈≈≈≈≈≈≈≈.≈≈≈≈
≈≈≈≈≈≈≈≈≈≈≈..≈...≈≈≈≈≈≈≈;≈≈≈≈≈≈≈≈
≈≈≈≈≈≈≈≈≈≈≈≈...≈..≈≈≈≈≈≈≈≈≈P≈≈≈PP


You could see a crocodile and a jelly.

Notes
Turn   | Place    | Note
-------+----------+-------------------------------------------
     0 | Start Ma | theanonym the Minotaur Noble began the quest for the Orb.
     0 | Start Ma | Reached XP level 1. HP: 16/16 MP: 1/1
     0 | Start Ma | Found Cooddel's Expert Tomes.
     4 | Start Ma | Found Nifumako's Auxillary Armour.
    13 | Start Ma | Bought +0 gold dragon scales for 800 gold pieces
    20 | Start Ma | Found Unge's Mashing MeleeMart.
    22 | Start Ma | Bought a +0 broad axe for 160 gold pieces
    40 | D:1      | theanonym set off with the following items: a +0 robe, +0
                  | gold dragon scales, a +0 broad axe, a ration
    97 | D:1      | Reached skill level 1 in Stealth
   114 | D:1      | Reached skill level 1 in Axes & Hammers
   114 | D:1      | Reached XP level 2. HP: 22/23 MP: 2/2
   215 | D:1      | HP: 11/23 [kobold/+0 dagger (1)]
   343 | D:1      | HP: 11/24 [giant cockroach (2)]
   348 | D:1      | Reached skill level 1 in Armour
   348 | D:1      | Reached XP level 3. HP: 15/29 MP: 3/3
   752 | D:1      | Reached skill level 2 in Axes & Hammers
   754 | D:1      | Reached skill level 2 in Fighting
   851 | D:1      | Reached XP level 4. HP: 36/36 MP: 5/5
  1122 | D:2      | Noticed a crocodile
  1523 | D:2      | Reached skill level 2 in Armour
  1628 | D:2      | HP: 16/37 [acid (3)]
  1628 | D:2      | HP: 3/37 [crocodile (13)]
  1628 | D:2      | HP: 1/37 [jelly (2)]
  1628 | D:2      | Splashed by a jelly's acid

Vanquished Creatures
  A jelly (D:2)
  A giant cockroach (D:1)
  A gnoll (D:1)
  A worm (D:2)
  4 cinder newts (D:1)
  3 leopard geckos (D:1)
  An adder skeleton (D:2)
  8 goblins (D:1)
  2 hobgoblins (D:1)
  5 bats (D:1)
  9 kobolds (D:1)
  2 rats (D:1)
38 creatures vanquished.

Vanquished Creatures (others)
  A slimehead (D:2)
  33 withered plants (D:2)
34 creatures vanquished.

Grand Total: 72 creatures vanquished

Table legend:
 A = Turns spent in this place as a percentage of turns spent in the entire game.
 B = Non-inter-level travel turns spent in this place as a percentage of non-inter-level travel turns spent in the entire game.
 C = Inter-level travel turns spent in this place as a percentage of turns spent in this place.
 D = Turns resting spent in this place as a percentage of non-inter-level travel turns spent in this place.
 E = Turns spent auto-exploring this place as a percentage of non-inter-level travel turns spent in this place.
 F = Non-inter-level travel turns spent in this place divided by the number of levels of this place that you've seen.
                   A       B       C       D       E      F
               +-------+-------+-------+-------+-------+----------------------
         Total | 100.0 | 100.0 |   2.3 |  25.9 |  49.7 | 530.3
       Dungeon |  97.5 |  97.5 |   2.3 |  26.6 |  51.0 | 775.5
        Market |   2.5 |   2.5 |   0.0 |   0.0 |   0.0 |  40.0
               +-------+-------+-------+-------+-------+----------------------
